General information
- name: BNet
- type: Ladder team game (AT/RT)
- host: Battle.net
- saver: ASONGOFICEANDFI
map: FullScaleAssault
- players: 8
- length: 51:09
- speed: Fast
- version: 1.26 W3XP
- replay type: Public
» download(259 KB)
Players
team 1 (loser)

»
I_HopeShe18 (
teal | 52 APM | 1198 actions | 22:56)
4 Dark Ranger
2 Life Drain
2 Silence
» actions
| Assign group hotkey | 3 | |
| Basic commands | 208 | |
| Build / train | 70 | |
| Enter build submenu | 39 | |
| Enter hero's abilities submenu | 4 | |
| Remove unit from queue | 7 | |
| Right click | 541 | |
| Select / deselect | 267 | |
| Select group hotkey | 2 | |
| Use ability | 57 | |
1198 total
» units
| Acolyte | 22 | |
| Ghoul | 12 | |
| Frost Wyrm | 9 | |
43 total
» upgrades
» buildings
| Crypt | 3 | |
| Ziggurat | 12 | |
| Altar of Darkness | 1 | |
| Tomb of Relics | 1 | |
| Nerubian Tower | 1 | |
| Halls of the Dead | 4 | |
| Necropolis | 2 | |
| Graveyard | 1 | |
| Black Citadel | 1 | |
| Sacrificial Pit | 1 | |
| Boneyard | 3 | |
| Spirit Tower | 3 | |
33 total
» build order
00:10 Crypt
00:23 Ziggurat
00:36 Altar of Darkness
01:08 Tomb of Relics
01:18 Ziggurat
01:34 Nerubian Tower
02:53 Halls of the Dead
02:53 Halls of the Dead
02:54 Halls of the Dead
04:25 Necropolis
05:00 Graveyard
06:04 Black Citadel
06:19 Ziggurat
07:08 Sacrificial Pit
09:14 Boneyard
09:15 Boneyard
09:17 Boneyard
09:42 Necropolis
10:10 Ziggurat
10:16 Ziggurat
11:52 Ziggurat
12:10 Ziggurat
12:11 Ziggurat
12:12 Ziggurat
13:26 Ziggurat
13:27 Spirit Tower
13:29 Ziggurat
14:33 Ziggurat
15:27 Spirit Tower
15:27 Spirit Tower
20:38 Crypt
21:27 Crypt
» items
PLUTO-ISAPLANET (
pink | 30 APM | 1523 actions | 51:07)
9 Paladin
3 Divine Shield
3 Holy Light
1 Resurrection
2 Devotion Aura
» actions
| Assign group hotkey | 42 | |
| Basic commands | 48 | |
| Build / train | 56 | |
| Enter build submenu | 20 | |
| Enter hero's abilities submenu | 9 | |
| Give item / drop item | 4 | |
| Right click | 564 | |
| Select / deselect | 232 | |
| Select group hotkey | 453 | |
| Use ability | 95 | |
1523 total
» units
| Peasant | 12 | |
| Goblin Shredder | 1 | |
| Gryphon Rider | 5 | |
18 total
» upgrades
| Lumber Harvesting | 2 | |
| Masonry | 3 | |
| Swords | 2 | |
| Armor | 2 | |
| Storm Hammers | 1 | |
| Animal War Training | 1 | |
11 total
» buildings
| Altar of Kings | 1 | |
| Farm | 8 | |
| Keep | 1 | |
| Lumber Mill | 2 | |
| Scout Tower | 6 | |
| Arcane Tower | 1 | |
| Arcane Vault | 1 | |
| Blacksmith | 1 | |
| Castle | 1 | |
| Gryphon Aviary | 2 | |
| Barracks | 1 | |
| Town Hall | 2 | |
| Guard Tower | 2 | |
29 total
» build order
00:09 Altar of Kings
00:24 Farm
01:09 Farm
02:05 Keep
02:13 Farm
02:20 Lumber Mill
02:33 Lumber Mill
02:37 Scout Tower
03:07 Arcane Tower
03:14 Arcane Vault
03:22 Blacksmith
03:55 Farm
05:26 Castle
05:31 Gryphon Aviary
05:40 Gryphon Aviary
08:14 Farm
08:17 Farm
08:19 Farm
08:22 Farm
13:57 Barracks
14:40 Town Hall
14:41 Scout Tower
14:42 Scout Tower
14:42 Scout Tower
14:43 Scout Tower
14:43 Scout Tower
15:44 Guard Tower
19:43 Guard Tower
21:43 Town Hall
» items
| Staff of Teleportation | 2 | |
| Boots of Speed | 1 | |
| Scroll of Regeneration | 3 | |
| Potion of Lesser Invulnerability | 1 | |
| Scroll of Town Portal | 2 | |
| Potion of Mana | 2 | |
11 total
RealFcknNeato (
blue | 45 APM | 2289 actions | 51:07)
10 Archmage
3 Summon Water Elemental
3 Brilliance Aura
1 Mass Teleport
3 Blizzard
» actions
| Assign group hotkey | 145 | |
| Basic commands | 263 | |
| Build / train | 86 | |
| Enter build submenu | 54 | |
| Enter hero's abilities submenu | 11 | |
| Give item / drop item | 7 | |
| Right click | 733 | |
| Select / deselect | 515 | |
| Select group hotkey | 322 | |
| Use ability | 153 | |
2289 total
» units
| Peasant | 12 | |
| Footman | 4 | |
| Goblin Shredder | 1 | |
| Gryphon Rider | 6 | |
| Goblin Sapper | 5 | |
| Goblin Zeppelin | 1 | |
| Blue Dragon | 6 | |
35 total
» upgrades
| Masonry | 3 | |
| Animal War Training | 1 | |
| Storm Hammers | 1 | |
| Swords | 3 | |
| Armor | 3 | |
| Cloud | 1 | |
12 total
» buildings
| Altar of Kings | 2 | |
| Barracks | 2 | |
| Farm | 6 | |
| Keep | 1 | |
| Lumber Mill | 1 | |
| Town Hall | 3 | |
| Arcane Vault | 1 | |
| Scout Tower | 36 | |
| Guard Tower | 9 | |
| Castle | 1 | |
| Gryphon Aviary | 4 | |
| Blacksmith | 2 | |
68 total
» build order
00:35 Altar of Kings
00:36 Barracks
00:43 Altar of Kings
00:44 Barracks
00:52 Farm
00:53 Farm
01:05 Farm
01:34 Farm
04:06 Keep
04:09 Lumber Mill
04:16 Town Hall
04:22 Arcane Vault
05:17 Scout Tower
05:18 Scout Tower
05:18 Scout Tower
05:19 Scout Tower
05:23 Scout Tower
05:24 Scout Tower
06:11 Guard Tower
06:52 Guard Tower
07:02 Scout Tower
07:02 Scout Tower
07:02 Scout Tower
07:02 Scout Tower
07:03 Scout Tower
07:10 Guard Tower
07:38 Guard Tower
08:07 Castle
09:13 Scout Tower
09:14 Scout Tower
09:14 Scout Tower
09:15 Scout Tower
09:15 Scout Tower
09:39 Gryphon Aviary
09:41 Gryphon Aviary
09:43 Gryphon Aviary
09:45 Gryphon Aviary
09:48 Blacksmith
09:51 Blacksmith
09:54 Guard Tower
11:24 Farm
14:27 Farm
16:33 Scout Tower
16:34 Scout Tower
16:36 Scout Tower
16:38 Scout Tower
16:42 Scout Tower
17:19 Guard Tower
20:42 Scout Tower
20:42 Scout Tower
20:42 Scout Tower
20:43 Scout Tower
20:44 Scout Tower
20:44 Scout Tower
20:45 Scout Tower
22:22 Guard Tower
26:59 Scout Tower
27:00 Scout Tower
27:00 Scout Tower
27:00 Scout Tower
27:02 Scout Tower
27:03 Scout Tower
27:04 Scout Tower
27:07 Scout Tower
27:54 Guard Tower
28:20 Guard Tower
30:26 Town Hall
32:11 Town Hall
» items
| Scroll of Regeneration | 6 | |
| Mechanical Critter | 4 | |
| Staff of Teleportation | 1 | |
| Scroll of Town Portal | 5 | |
| Staff of Sanctuary | 1 | |
17 total
dietwater (
red | 22 APM | 1125 actions | 51:07)
7 Archmage
3 Summon Water Elemental
3 Brilliance Aura
1 Mass Teleport
» actions
| Basic commands | 336 | |
| Build / train | 120 | |
| ESC pressed | 4 | |
| Enter build submenu | 32 | |
| Enter hero's abilities submenu | 7 | |
| Give item / drop item | 1 | |
| Right click | 10 | |
| Select / deselect | 517 | |
| Use ability | 97 | |
1125 total
» units
| Peasant | 19 | |
| Footman | 10 | |
| Rifleman | 4 | |
| Gryphon Rider | 6 | |
| Flying Machine | 29 | |
| Siege Engine | 4 | |
72 total
» upgrades
| Defend | 1 | |
| Lumber Harvesting | 2 | |
| Long Rifles | 1 | |
| Swords | 3 | |
| Flak Cannons | 1 | |
| Armor | 3 | |
| Barrage | 1 | |
| Storm Hammers | 1 | |
| Animal War Training | 1 | |
| Masonry | 3 | |
| Gunpowder | 2 | |
19 total
» buildings
| Altar of Kings | 1 | |
| Farm | 12 | |
| Barracks | 1 | |
| Town Hall | 3 | |
| Scout Tower | 8 | |
| Keep | 1 | |
| Arcane Tower | 4 | |
| Lumber Mill | 1 | |
| Blacksmith | 1 | |
| Guard Tower | 3 | |
| Castle | 1 | |
| Gryphon Aviary | 2 | |
| Arcane Vault | 1 | |
| Workshop | 1 | |
40 total
» build order
00:36 Altar of Kings
00:53 Farm
01:08 Barracks
01:14 Farm
01:16 Farm
01:46 Farm
01:50 Farm
04:28 Town Hall
04:37 Scout Tower
05:01 Keep
05:39 Arcane Tower
05:41 Scout Tower
05:46 Lumber Mill
05:49 Blacksmith
06:12 Farm
06:57 Farm
06:58 Guard Tower
07:21 Farm
07:24 Castle
07:28 Gryphon Aviary
07:38 Scout Tower
08:13 Gryphon Aviary
09:07 Arcane Vault
09:10 Guard Tower
10:16 Scout Tower
10:21 Workshop
10:52 Farm
10:54 Arcane Tower
13:05 Farm
14:15 Scout Tower
14:43 Farm
14:46 Guard Tower
16:03 Farm
16:57 Scout Tower
17:52 Arcane Tower
18:35 Scout Tower
19:16 Arcane Tower
19:18 Scout Tower
23:45 Town Hall
28:34 Town Hall
» items
| Periapt of Vitality | 1 | |
| Boots of Speed | 1 | |
| Scroll of Regeneration | 4 | |
| Potion of Healing | 1 | |
| Scroll of Town Portal | 4 | |
11 total
team 2 (winner)

»
dakilla66 (
orange | 55 APM | 2103 actions | 38:29)
5 Archmage
3 Summon Water Elemental
2 Brilliance Aura
4 Paladin
2 Holy Light
2 Devotion Aura
» actions
| Assign group hotkey | 72 | |
| Build / train | 74 | |
| Enter build submenu | 28 | |
| Enter hero's abilities submenu | 9 | |
| Give item / drop item | 3 | |
| Remove unit from queue | 8 | |
| Right click | 704 | |
| Select / deselect | 418 | |
| Select group hotkey | 653 | |
| Use ability | 132 | |
2103 total
» units
| Peasant | 10 | |
| Footman | 4 | |
| Gryphon Rider | 2 | |
| Dragonhawk Rider | 4 | |
| Peon | 4 | |
| Troll Batrider | 6 | |
30 total
» upgrades
| Masonry | 3 | |
| Lumber Harvesting | 2 | |
| Storm Hammers | 1 | |
6 total
» buildings
| Altar of Kings | 1 | |
| Farm | 7 | |
| Barracks | 1 | |
| Lumber Mill | 1 | |
| Arcane Vault | 1 | |
| Keep | 1 | |
| Scout Tower | 3 | |
| Blacksmith | 1 | |
| Gryphon Aviary | 3 | |
| Castle | 1 | |
| Arcane Tower | 2 | |
| Town Hall | 1 | |
| Guard Tower | 2 | |
| Stronghold | 1 | |
| Beastiary | 3 | |
| Orc Burrow | 3 | |
32 total
» build order
00:10 Altar of Kings
00:15 Farm
00:41 Barracks
00:45 Farm
01:52 Lumber Mill
01:59 Farm
02:13 Arcane Vault
02:44 Farm
03:12 Keep
03:29 Scout Tower
03:33 Blacksmith
04:01 Farm
07:26 Gryphon Aviary
07:29 Gryphon Aviary
07:30 Gryphon Aviary
07:33 Castle
07:35 Arcane Tower
09:43 Town Hall
09:48 Guard Tower
09:49 Arcane Tower
10:39 Scout Tower
11:11 Guard Tower
13:11 Scout Tower
14:03 Farm
14:07 Farm
27:57 Stronghold
30:19 Beastiary
30:21 Beastiary
30:22 Beastiary
30:34 Orc Burrow
30:35 Orc Burrow
30:37 Orc Burrow
» items
| Scroll of Regeneration | 2 | |
| Lesser Clarity Potion | 1 | |
| Circlet of Nobility | 2 | |
| Boots of Speed | 2 | |
| Ivory Tower | 4 | |
| Scroll of Town Portal | 1 | |
12 total

»
Numnums (
green | 22 APM | 807 actions | 37:05)
3 Dreadlord
1 Carrion Swarm
2 Vampiric Aura
» actions
| Assign group hotkey | 1 | |
| Basic commands | 28 | |
| Build / train | 70 | |
| Enter build submenu | 38 | |
| Enter hero's abilities submenu | 3 | |
| Right click | 349 | |
| Select / deselect | 285 | |
| Use ability | 33 | |
807 total
» units
| Acolyte | 9 | |
| Ghoul | 8 | |
| Crypt Fiend | 29 | |
| Goblin Zeppelin | 1 | |
47 total
» upgrades
| Creature Attack | 3 | |
| Creature Carapace | 3 | |
| Web | 1 | |
| Burrow | 1 | |
8 total
» buildings
| Crypt | 3 | |
| Altar of Darkness | 1 | |
| Ziggurat | 17 | |
| Graveyard | 3 | |
| Spirit Tower | 8 | |
| Halls of the Dead | 1 | |
| Black Citadel | 1 | |
| Sacrificial Pit | 1 | |
35 total
» build order
00:23 Crypt
00:29 Crypt
01:17 Altar of Darkness
01:44 Ziggurat
01:48 Ziggurat
02:01 Ziggurat
02:20 Ziggurat
02:24 Ziggurat
02:35 Ziggurat
02:58 Graveyard
03:38 Graveyard
04:06 Ziggurat
04:09 Ziggurat
04:13 Ziggurat
04:15 Ziggurat
04:34 Ziggurat
05:14 Spirit Tower
05:16 Spirit Tower
05:17 Spirit Tower
08:14 Spirit Tower
08:16 Spirit Tower
08:18 Spirit Tower
08:20 Halls of the Dead
08:36 Spirit Tower
13:02 Ziggurat
13:11 Ziggurat
13:20 Ziggurat
13:28 Ziggurat
13:57 Ziggurat
14:05 Ziggurat
16:37 Spirit Tower
17:09 Crypt
18:04 Black Citadel
26:50 Graveyard
29:00 Sacrificial Pit
» items
ASONGOFICEANDFI (
yellow | 69 APM | 3510 actions | 51:09)
8 Archmage
3 Summon Water Elemental
3 Brilliance Aura
1 Mass Teleport
1 Blizzard
» actions
| Assign group hotkey | 158 | |
| Basic commands | 40 | |
| Build / train | 298 | |
| ESC pressed | 6 | |
| Enter build submenu | 76 | |
| Enter hero's abilities submenu | 8 | |
| Give item / drop item | 13 | |
| Right click | 1284 | |
| Select / deselect | 437 | |
| Select group hotkey | 895 | |
| Use ability | 295 | |
3510 total
» units
| Peasant | 22 | |
| Footman | 5 | |
| Goblin Shredder | 3 | |
| Goblin Zeppelin | 8 | |
| Goblin Sapper | 3 | |
| Gryphon Rider | 9 | |
| Troll Batrider | 1 | |
| Siege Engine | 1 | |
52 total
» upgrades
| Swords | 3 | |
| Masonry | 3 | |
| Armor | 3 | |
| Lumber Harvesting | 1 | |
| Storm Hammers | 1 | |
| Cloud | 1 | |
| Animal War Training | 1 | |
| Plating | 3 | |
| Gunpowder | 3 | |
| Long Rifles | 1 | |
| Barrage | 1 | |
| Flak Cannons | 1 | |
| Fragmentation Shards | 1 | |
| Flying Machine Bombs | 1 | |
| Defend | 1 | |
| Flare | 1 | |
26 total
» buildings
| Altar of Kings | 1 | |
| Barracks | 1 | |
| Farm | 8 | |
| Town Hall | 4 | |
| Arcane Vault | 2 | |
| Scout Tower | 73 | |
| Lumber Mill | 1 | |
| Keep | 2 | |
| Arcane Tower | 6 | |
| Blacksmith | 1 | |
| Guard Tower | 97 | |
| Castle | 2 | |
| Gryphon Aviary | 4 | |
| Workshop | 4 | |
| Cannon Tower | 48 | |
254 total
» build order
00:36 Altar of Kings
00:38 Barracks
00:48 Farm
01:06 Farm
01:38 Farm
02:20 Farm
04:09 Town Hall
04:12 Arcane Vault
04:19 Scout Tower
04:22 Scout Tower
04:56 Lumber Mill
05:11 Keep
05:11 Keep
05:18 Arcane Tower
05:18 Arcane Tower
05:18 Arcane Tower
05:22 Arcane Tower
05:22 Arcane Tower
05:36 Blacksmith
06:14 Guard Tower
06:14 Guard Tower
06:20 Scout Tower
06:21 Scout Tower
06:22 Scout Tower
06:23 Scout Tower
06:24 Scout Tower
06:54 Guard Tower
06:57 Guard Tower
07:50 Guard Tower
07:50 Guard Tower
09:19 Castle
09:19 Castle
11:18 Scout Tower
11:21 Scout Tower
11:34 Town Hall
11:45 Scout Tower
11:45 Guard Tower
11:46 Guard Tower
11:46 Guard Tower
11:47 Scout Tower
11:49 Scout Tower
11:49 Scout Tower
11:50 Scout Tower
11:51 Scout Tower
11:51 Scout Tower
11:51 Scout Tower
12:38 Gryphon Aviary
12:39 Gryphon Aviary
12:40 Gryphon Aviary
12:41 Gryphon Aviary
13:47 Guard Tower
13:47 Guard Tower
13:48 Guard Tower
13:48 Guard Tower
16:27 Scout Tower
16:28 Scout Tower
16:28 Scout Tower
16:29 Scout Tower
16:30 Scout Tower
16:43 Guard Tower
16:43 Guard Tower
16:44 Guard Tower
16:44 Guard Tower
16:44 Guard Tower
16:47 Guard Tower
16:48 Guard Tower
16:54 Guard Tower
16:54 Guard Tower
16:55 Guard Tower
16:55 Guard Tower
16:56 Guard Tower
16:56 Guard Tower
16:57 Guard Tower
17:04 Scout Tower
17:09 Scout Tower
17:51 Guard Tower
18:58 Scout Tower
18:59 Scout Tower
19:28 Scout Tower
19:29 Scout Tower
19:30 Scout Tower
19:31 Scout Tower
19:32 Scout Tower
20:31 Workshop
20:33 Workshop
20:34 Workshop
20:35 Workshop
21:07 Guard Tower
21:08 Guard Tower
21:08 Guard Tower
21:08 Guard Tower
21:32 Farm
21:35 Farm
21:37 Farm
21:44 Farm
22:03 Guard Tower
22:04 Guard Tower
22:04 Guard Tower
22:04 Guard Tower
22:54 Town Hall
22:57 Scout Tower
22:59 Scout Tower
23:00 Scout Tower
23:01 Scout Tower
23:02 Scout Tower
23:03 Scout Tower
23:04 Scout Tower
23:05 Scout Tower
23:06 Scout Tower
24:03 Guard Tower
24:03 Guard Tower
24:03 Guard Tower
24:03 Guard Tower
24:22 Arcane Vault
29:10 Town Hall
29:13 Scout Tower
29:14 Scout Tower
29:15 Scout Tower
29:16 Scout Tower
29:23 Scout Tower
29:24 Scout Tower
29:25 Scout Tower
29:26 Scout Tower
29:27 Scout Tower
29:29 Scout Tower
29:30 Scout Tower
29:31 Scout Tower
29:32 Scout Tower
29:33 Scout Tower
29:36 Scout Tower
29:39 Guard Tower
29:39 Guard Tower
29:43 Cannon Tower
29:44 Cannon Tower
29:44 Cannon Tower
29:45 Guard Tower
29:45 Guard Tower
29:46 Guard Tower
29:53 Cannon Tower
29:53 Cannon Tower
29:53 Cannon Tower
29:54 Cannon Tower
30:05 Guard Tower
30:06 Guard Tower
30:06 Guard Tower
30:06 Guard Tower
30:26 Guard Tower
30:27 Guard Tower
30:27 Guard Tower
30:27 Guard Tower
31:07 Guard Tower
31:07 Guard Tower
31:07 Guard Tower
31:07 Guard Tower
31:42 Scout Tower
31:42 Scout Tower
31:44 Scout Tower
31:44 Scout Tower
31:45 Scout Tower
31:45 Scout Tower
32:27 Guard Tower
32:27 Guard Tower
32:27 Guard Tower
32:27 Guard Tower
32:32 Scout Tower
32:34 Scout Tower
32:36 Scout Tower
32:41 Scout Tower
32:42 Scout Tower
32:43 Scout Tower
32:44 Scout Tower
32:46 Scout Tower
32:49 Scout Tower
32:50 Scout Tower
32:54 Scout Tower
32:54 Scout Tower
33:14 Guard Tower
33:14 Guard Tower
33:14 Guard Tower
33:15 Guard Tower
33:21 Cannon Tower
33:21 Cannon Tower
33:22 Cannon Tower
33:22 Cannon Tower
33:22 Cannon Tower
33:22 Cannon Tower
33:23 Cannon Tower
33:23 Cannon Tower
33:23 Cannon Tower
33:23 Cannon Tower
33:24 Cannon Tower
33:24 Cannon Tower
33:24 Cannon Tower
33:24 Cannon Tower
33:25 Cannon Tower
33:25 Cannon Tower
33:25 Cannon Tower
33:26 Cannon Tower
33:29 Cannon Tower
33:29 Cannon Tower
33:30 Cannon Tower
33:43 Cannon Tower
33:44 Cannon Tower
33:44 Cannon Tower
33:44 Cannon Tower
33:45 Cannon Tower
33:45 Cannon Tower
33:45 Cannon Tower
34:12 Cannon Tower
44:31 Guard Tower
44:31 Guard Tower
44:31 Guard Tower
44:32 Guard Tower
» items
| Mechanical Critter | 8 | |
| Scroll of Regeneration | 5 | |
| Scroll of Town Portal | 3 | |
| Ivory Tower | 8 | |
| Staff of Teleportation | 1 | |
| Periapt of Vitality | 1 | |
| Potion of Lesser Invulnerability | 1 | |
27 total

»
killerxl (
purple | 53 APM | 1292 actions | 24:35)
6 Blademaster
2 Critical Strike
3 Wind Walk
1 Bladestorm
» actions
| Build / train | 63 | |
| Enter build submenu | 27 | |
| Enter hero's abilities submenu | 6 | |
| Give item / drop item | 4 | |
| Remove unit from queue | 3 | |
| Right click | 909 | |
| Select / deselect | 225 | |
| Use ability | 55 | |
1292 total
» units
| Peon | 16 | |
| Grunt | 8 | |
| Goblin Zeppelin | 1 | |
| Tauren | 8 | |
| Shaman | 6 | |
39 total
» upgrades
| Melee Weapons | 3 | |
| Armor | 3 | |
| Shaman Training | 2 | |
| Pulverize | 1 | |
9 total
» buildings
| Altar of Storms | 1 | |
| Orc Burrow | 8 | |
| Barracks | 1 | |
| War Mill | 1 | |
| Voodoo Lounge | 1 | |
| Stronghold | 1 | |
| Fortress | 1 | |
| Spirit Lodge | 1 | |
| Great Hall | 2 | |
| Tauren Totem | 2 | |
| Watch Tower | 10 | |
29 total
» build order
00:09 Altar of Storms
00:16 Orc Burrow
01:21 Barracks
01:51 Orc Burrow
02:56 War Mill
03:28 Voodoo Lounge
05:49 Stronghold
06:23 Orc Burrow
08:54 Fortress
09:00 Spirit Lodge
10:16 Great Hall
12:11 Tauren Totem
12:14 Tauren Totem
13:27 Orc Burrow
16:01 Orc Burrow
16:40 Orc Burrow
16:42 Orc Burrow
16:45 Orc Burrow
22:12 Watch Tower
22:15 Watch Tower
22:18 Watch Tower
22:20 Watch Tower
22:23 Watch Tower
22:27 Watch Tower
22:30 Watch Tower
22:33 Watch Tower
22:36 Watch Tower
22:39 Watch Tower
23:52 Great Hall
» items
| Healing Salve | 1 | |
| Orb of Lightning | 1 | |
2 total
Chat log
(00:06 / Allies) dakilla66: lol so many humans
(00:19 / Allies) killerxl: what to do?
(00:21 / All) RealFcknNeato: holohoax = song of lice and wire
(00:24 / Allies) killerxl: what do we want to do
(00:27 / Allies) dakilla66: idk
(00:28 / All) ASONGOFICEANDFI: LOL
(00:29 / Allies) dakilla66: units>/
(00:41 / Allies) killerxl: we can rush or cc
(00:45 / Allies) killerxl: idrc
(00:55 / Allies) Numnums: need lumbar
(00:55 / Allies) ASONGOFICEANDFI: who the fuck rushes on fullscale
(01:00 / Allies) dakilla66: hahahaha
(01:01 / Allies) dakilla66: no rush
(01:05 / Allies) dakilla66: i got 0 buddy
(01:30 / Allies) Numnums: oh nice
(01:35 / Allies) Numnums: ghouls dont need lumber
(01:37 / Allies) dakilla66: im gunna go air
(01:39 / Allies) killerxl: i want this one
(01:48 / Allies) dakilla66: casters and air
(01:57 / Allies) killerxl: i can get tauren shammy
(02:09 / Allies) killerxl: unless soemone else wants melee
(04:28 / Allies) dakilla66: ill let this one
(05:30 / Allies) Numnums: i guess ill go AA
(05:53 / Allies) killerxl: grren thats ur mine
(06:01 / Allies) Numnums: where
(06:48 / Allies) killerxl: anyone wanna help
(07:10 / Allies) Numnums: omw
(07:15 / Allies) killerxl: aww really
(07:17 / Allies) killerxl: i wanted but ok
(07:26 / Allies) killerxl: dude
(07:28 / Allies) ASONGOFICEANDFI: I'll wood you
(07:30 / Allies) killerxl: u dont scale with agi
(07:35 / Allies) killerxl: why would u take that from me
(07:37 / Allies) ASONGOFICEANDFI: yeah I realised that after I clicked it lawl
(07:38 / Allies) ASONGOFICEANDFI: my bad
(07:42 / Allies) ASONGOFICEANDFI: it's just a +1 tome though
(07:54 / Allies) dakilla66: can any1 spare lumber
(08:01 / Allies) killerxl: +1 is better than + 0
(08:10 / Allies) dakilla66: ty
(08:13 / Allies) dakilla66: holy shit that helps
(08:20 / Allies) killerxl: wehn u crit it does
(09:13 / Allies) dakilla66: gotta get this fking expo up
(09:15 / Allies) dakilla66: red is annoying
(09:35 / Allies) ASONGOFICEANDFI: I got +6 boots for you purp
(09:36 / Allies) ASONGOFICEANDFI: if you want
(09:38 / Allies) ASONGOFICEANDFI: and gloves of haste
(09:42 / Allies) killerxl: yes pelase
(10:31 / Allies) killerxl: ty
(13:22 / Allies) dakilla66: were fuck
(13:24 / Allies) dakilla66: lol
(13:28 / Allies) ASONGOFICEANDFI: just killed teal's expo
(13:37 / Allies) ASONGOFICEANDFI: stop it from rebuilding
(13:38 / Allies) ASONGOFICEANDFI: hit here
(13:42 / Allies) killerxl: we just forced 2 tps
(13:52 / Allies) killerxl: were doing well imo
(15:04 / Allies) killerxl: wryms
(15:04 / Allies) Numnums: omw
(15:17 / Allies) Numnums: help me kill them
(15:51 / All) ASONGOFICEANDFI: holy shit you suck teal
(15:55 / All) ASONGOFICEANDFI: even worse than in our earlier game
(16:27 / Allies) Numnums: no town hall oj?
(16:34 / Allies) dakilla66: nope im fucked
(17:24 / Allies) Numnums: omw
(17:44 / Allies) Numnums: wow
(17:47 / Allies) Numnums: what a bitch
(18:05 / Allies) dakilla66: yellow
(18:08 / Allies) dakilla66: you have 7k gold use it
(18:16 / Allies) ASONGOFICEANDFI: do you know what upkeep is
(18:43 / Allies) killerxl: group and hit plz
(18:46 / Allies) ASONGOFICEANDFI: let's hit
(18:47 / Allies) dakilla66: i need a heal scroll
(18:49 / Allies) dakilla66: hold up
(19:00 / Allies) dakilla66: meet
(19:07 / Allies) killerxl: metthere lol
(19:31 / All) PLUTO-ISAPLANET: what is diet water
(21:13 / Allies) Numnums: push
(21:15 / Allies) dakilla66: i think we good
(21:19 / Allies) killerxl: iet it go
(22:46 / All) ASONGOFICEANDFI: get out you piece of mexican shit
(22:47 / All) PLUTO-ISAPLANET: gg killer's burrows
(23:15 / Allies) Numnums: i need town scroll!
(23:57 / Allies) dakilla66: you gotta be fucking kidding me
(24:00 / Allies) dakilla66: lmaooo
(24:01 / Allies) killerxl: wow
(24:02 / Allies) killerxl: lol
(24:05 / Allies) killerxl: u let all my tauren die
(24:13 / Allies) ASONGOFICEANDFI: wood me orange
(24:14 / Allies) dakilla66: so like...
(24:16 / Allies) ASONGOFICEANDFI: so I can make you shop
(24:17 / Allies) dakilla66: fuck me
(24:22 / Allies) dakilla66: i have no wood
(24:31 / Allies) killerxl: well this is over
(24:32 / Allies) killerxl: gg
(24:33 / Allies) killerxl: mates
(24:42 / All) RealFcknNeato: I don't know why teal thought I wouldn't kil lhis expo lol
(24:45 / All) RealFcknNeato: he was asking for trouble
(24:51 / Allies) Numnums: we cant win
(24:57 / Allies) ASONGOFICEANDFI: not with those attitudes
(24:58 / Allies) ASONGOFICEANDFI: wow
(25:00 / Allies) dakilla66: got no gold for tp
(25:00 / Allies) ASONGOFICEANDFI: pussies
(25:08 / Allies) dakilla66: ty
(25:20 / All) PLUTO-ISAPLANET: yea i just was hoping it wouldnt ruin game, didnt really. was a 30 min'er which aint bad for earlys tab
(25:22 / All) RealFcknNeato: I ran there earlier but pull my militia back
(25:24 / Allies) dakilla66: share ur inits with me so i can help
(25:27 / All) RealFcknNeato: to wait on extra footman
(25:29 / All) RealFcknNeato: then he comes
(25:32 / All) RealFcknNeato: when I was already there
(25:49 / All) RealFcknNeato: I dealt with a fag already
(25:53 / All) RealFcknNeato: Ain't doing it twice in short order
(26:06 / All) PLUTO-ISAPLANET: u mean that one game on this same map
(26:06 / Allies) Numnums: godddd
(26:08 / Allies) Numnums: i have no gold
(26:15 / All) RealFcknNeato: yeah
(26:33 / All) PLUTO-ISAPLANET: damn that was quick mass tp by red
(26:54 / Allies) dakilla66: yellow we hit?
(27:19 / Allies) dakilla66: \
(27:43 / All) ASONGOFICEANDFI: Green has t1 units 30 mins in
(27:57 / All) ASONGOFICEANDFI: no burrow either
(27:59 / Allies) Numnums: i said i was going AA...
(28:04 / All) ASONGOFICEANDFI: because burrow micro is too much for noobs like him
(28:09 / All) ASONGOFICEANDFI: Fiends aren't aa
(28:20 / All) ASONGOFICEANDFI: They're t1 ground that has an upgrade that lets them attack air
(28:24 / All) ASONGOFICEANDFI: aa is shit like gargs and copters
(28:32 / Allies) dakilla66: green
(28:36 / Allies) dakilla66: give ur lumber to purple
(28:38 / Allies) dakilla66: im gunna mass bats with him
(29:15 / Allies) dakilla66: need this fucking stronghold to finish
(29:42 / All) RealFcknNeato: IT IS THE ULTIMATE SHOWDOWN
(29:53 / All) PLUTO-ISAPLANET: y red tk
(29:58 / All) RealFcknNeato: You came to the wrong neighborhood friend
(30:08 / Allies) Numnums: someone give me 150 gold so i can get gold mine
(30:29 / Allies) dakilla66: if tghis finishes we win
(31:00 / Allies) ASONGOFICEANDFI: blue killing his ally
(31:05 / Allies) dakilla66: lols
(31:07 / Allies) dakilla66: we win
(31:26 / All) Numnums: why is blue killing you?
(31:39 / All) PLUTO-ISAPLANET: y red tk
(31:44 / Allies) dakilla66: wtf no onew creeped mid
(32:50 / Allies) dakilla66: bats pumping
(33:20 / Allies) dakilla66: yo yellow
(33:25 / Allies) dakilla66: can you supply some shit to purple?
(33:37 / Allies) ASONGOFICEANDFI: yeah
(33:50 / Allies) dakilla66: im havign a bat orgy
(33:56 / All) RealFcknNeato: lol
(34:54 / Allies) Numnums: you have so much gold
(34:58 / Allies) Numnums: and dont even want to share
(35:01 / Allies) ASONGOFICEANDFI: Not really
(35:03 / All) RealFcknNeato: so close on that dragon death lol
(35:05 / Allies) ASONGOFICEANDFI: I only have 13k
(35:10 / Allies) ASONGOFICEANDFI: last game I played, I had 40,000 gold
(35:16 / Allies) ASONGOFICEANDFI: 13,000 is chump's change dude
(35:59 / Allies) ASONGOFICEANDFI: you are a good player green
(36:04 / Allies) ASONGOFICEANDFI: those fiends are working well late game
(36:06 / Allies) ASONGOFICEANDFI: great aa
(36:13 / Allies) ASONGOFICEANDFI: imagine if you had spent all your resources on gargs, which are actual aa
(36:17 / All) RealFcknNeato: You came to the wrong neighborhood, friend
(36:22 / Allies) ASONGOFICEANDFI: instead you are getting raped lol
(36:26 / Allies) ASONGOFICEANDFI: glad I never gave you resources
(36:39 / Allies) dakilla66: god damn
(36:43 / Allies) dakilla66: why not make gargs
(36:51 / Allies) ASONGOFICEANDFI: he sucks that's why
(38:35 / All) ASONGOFICEANDFI: LOL
(38:37 / All) ASONGOFICEANDFI: I spammed his heroes
(38:38 / All) RealFcknNeato: lol
(38:40 / All) ASONGOFICEANDFI: with the control he gave me
(38:46 / All) ASONGOFICEANDFI: and dropped all his items
(38:48 / All) RealFcknNeato: bad luck red
(38:49 / All) ASONGOFICEANDFI: he said nothing before leaving
(38:51 / All) ASONGOFICEANDFI: hahaha
(40:36 / All) ASONGOFICEANDFI: Orange sucked big time yet was the best of the 3 on my team
(40:39 / All) ASONGOFICEANDFI: I think
(40:51 / All) ASONGOFICEANDFI: no, purp > orange > green
(41:00 / All) ASONGOFICEANDFI: Green said he was going AA and massed fiends all game lol
(41:08 / All) ASONGOFICEANDFI: purple was a tauren massing coward
(41:20 / All) ASONGOFICEANDFI: orange was a gryphonbot who got his shit pushed in by red who had like 4 units
(41:24 / All) RealFcknNeato: I could see orange trying to trap me in teh fog
(41:34 / All) RealFcknNeato: He was trying to ensanre me with dhawks lol
(41:42 / All) ASONGOFICEANDFI: lawl'
(41:44 / All) ASONGOFICEANDFI: hawk hacker
(42:05 / All) ASONGOFICEANDFI: obvious mhing aa is way worse with bats
(42:11 / All) ASONGOFICEANDFI: I remember we had one game on mur'gul years ago
(42:21 / All) ASONGOFICEANDFI: this guy with bats would find our air armies all over the map and just bat us
(42:27 / All) ASONGOFICEANDFI: and knew where all the bases he could bat were
(42:33 / All) PLUTO-ISAPLANET: i dont remember that
(42:34 / All) ASONGOFICEANDFI: but I think he ran out of money and we ended up winning
(42:49 / All) RealFcknNeato: Yeah map hack bats are gay
(42:52 / All) RealFcknNeato: They can avoid your traps
(42:58 / All) RealFcknNeato: and know when they're about to eb caught
(43:05 / All) RealFcknNeato: and can find your air
(43:11 / All) RealFcknNeato: and if you don't have mh yourself you're pretty screwed
(44:12 / All) RealFcknNeato: Daenarys is a super whore in book 5
(44:19 / All) RealFcknNeato: Selmy runs the kingdom
(44:57 / All) RealFcknNeato: It would be cool if Daenarys was a big red herring
(45:10 / All) RealFcknNeato: And is nothing after waking the dragons lol
(49:41 / All) ASONGOFICEANDFI: I'm alt tabbed the past few mins has red said anything all game?
(49:44 / All) ASONGOFICEANDFI: Doesn't look like it
(49:50 / All) RealFcknNeato: Doesn't seem like it
(49:53 / All) RealFcknNeato: Not even in allies
(49:54 / All) PLUTO-ISAPLANET: only thing he said was
(49:59 / All) PLUTO-ISAPLANET: "i hate shits like this"
(50:03 / All) ASONGOFICEANDFI: lol
(50:12 / All) ASONGOFICEANDFI: 297-317 now
(50:20 / All) PLUTO-ISAPLANET: that was before bob hurt teal's expo
(50:22 / All) RealFcknNeato: Rdy to end it?
(50:32 / All) ASONGOFICEANDFI: Yeaweh
(50:37 / All) ASONGOFICEANDFI: Yehaw
(50:38 / All) ASONGOFICEANDFI: yeh
(51:04 / All) PLUTO-ISAPLANET: what if we face that jap again